 Dungeon Crawl Stone Soup version 0.24.0-123-gd5b16e6ec5 (webtiles) character file.

Game seed: 2797782791364822175, levelgen mode: deterministic

8526 Goreval the Carver (level 11, 0/77 HPs)
             Began as a Barachi Ice Elementalist on Jan 11, 2020.
             Was an Elder of the Shining One.
             Slain by a death yak (15 damage)
             ... on level 10 of the Dungeon.
             The game lasted 00:41:02 (15646 turns).

Goreval the Carver (Barachi Ice Elementalist)      Turns: 15646, Time: 00:41:03

Health: 0/77       AC:  8    Str: 10    XL:     11   Next: 32%
Magic:  2/17       EV: 16    Int: 19    God:    the Shining One [****..]
Gold:   463        SH:  5    Dex: 12    Spells: 6/18 levels left

rFire    . . .     SeeInvis .   M - +4 scimitar (curse)
rCold    . . .     Gourm    .   H - +0 buckler
rNeg     + + .     Faith    .   N - +0 steam dragon scales
rPois    .         Spirit   .   (no helmet)
rElec    .         Reflect  .   (no cloak)
rCorr    .         Harm     .   E - +0 pair of gloves
MR       .....                  c - +1 pair of boots
Stlth    +.........             a - amulet of rage
HPRegen  0.22/turn              p - ring of wizardry
MPRegen  0.15/turn              v - ring of wizardry

@: swift, about to teleport, can't hop, glowing, quick
A: +LOS, swims, slowness 1, strong legs 1
a: Hop, Divine Shield, Cleansing Flame, Renounce Religion, Evoke Berserk Rage


You were on level 10 of the Dungeon.
You worshipped the Shining One.
The Shining One was greatly pleased with you.
You were not hungry.

You visited 1 branch of the dungeon, and saw 11 of its levels.
You also visited: Sewer.

You collected 463 gold pieces.

Inventory:

Hand Weapons
 y - a +0 great sword of holy wrath
 K - a +1 scimitar of freezing
 M - a cursed +4 scimitar (weapon)
Missiles
 d - 280 stones (quivered)
Armour
 c - a +1 pair of boots (worn)
 E - a +0 pair of gloves (worn)
 H - a +0 buckler (worn)
 N - +0 steam dragon scales (worn)
Jewellery
 a - an amulet of rage (around neck)
 p - a ring of wizardry (left hand)
 v - a ring of wizardry (right hand)
 I - an uncursed ring of fire
 L - an uncursed ring of flight
Wands
 q - a wand of iceblast (14)
 w - a wand of enslavement (9)
 C - a wand of scattershot (6)
 D - a wand of flame (16)
 J - a wand of digging (8)
Scrolls
 b - 3 scrolls of remove curse
 e - a scroll of magic mapping
 m - a scroll of enchant weapon
 n - 4 scrolls of teleportation
 r - 3 scrolls of fog
 F - a scroll of amnesia
 G - a scroll of identify
Potions
 f - 3 potions of lignification
 g - 2 potions of magic
 h - 2 potions of brilliance
 i - 2 potions of cancellation
 j - 5 potions of might
 k - 5 potions of heal wounds
 o - 4 potions of flight
 s - 5 potions of degeneration
 t - a potion of haste {unknown}
 u - 5 potions of curing
 x - a potion of ambrosia
 z - 2 potions of mutation
 A - a potion of resistance {unknown}
 B - a potion of berserk rage
Comestibles
 l - 8 rations


   Skills:
 - Level 4.0 Fighting
 * Level 10.6 Long Blades
 - Level 2.0 Armour
 + Level 7.6 Dodging
 - Level 2.0 Stealth
 - Level 4.0 Shields
 + Level 4.0 Spellcasting
 - Level 1.1 Conjurations
 - Level 1.0 Charms
 - Level 9.1 Summonings
 - Level 10.0 Ice Magic
 * Level 3.1 Air Magic


You had 6 spell levels left.
You knew the following spells:

 Your Spells              Type           Power        Failure   Level  Hunger
a - Throw Frost           Conj/Ice       ####..       1%          2    ##.....
b - Freeze                Ice            ####         1%          1    None
c - Ozocubu's Armour      Chrm/Ice       ###.....     1%          3    ###....
k - Swiftness             Chrm/Air       ##......     2%          2    ##.....
z - Summon Ice Beast      Ice/Summ       #####...     1%          4    ####...

Your spell library contained the following spells:

 Spells                   Type           Power        Failure   Level  Hunger
 Shock                    Conj/Air       ##..         1%          1    None
 Static Discharge         Conj/Air       ##......     4%          3    ###....
 Throw Icicle             Conj/Ice       ####....     4%          4    ####...
 Corpse Rot               Necr           N/A          5%          2    ##.....
 Sublimation of Blood     Necr           #.........   5%          2    ##.....
 Airstrike                Air            ###.......   11%         4    ####...
 Lightning Bolt           Conj/Air       ##........   36%         5    ######.
 Bolt of Draining         Conj/Necr      #.........   58%         5    ######.
 Excruciating Wounds      Chrm/Necr      #.........   58%         5    ######.
 Agony                    Necr           #.......     65%         5    ######.
 Dispel Undead            Necr           #.......     65%         5    ######.


Dungeon Overview and Level Annotations

Branches:
Dungeon (11/15)            Temple (0/1) D:6            Lair (0/6) D:11
    Orc (0/2) D:10          Sewer (visited)

Altars:
Ashenzari
Elyvilon
Gozag
Hepliaklqana
Nemelex Xobeh
Sif Muna
Trog
Uskayaw
Vehumet
Wu Jian
Xom
Zin
The Shining One
Lugonu

Shops:
D:5 :   D:10 :

Annotations:
D:5 3 runed translucent doors, luthanos's ghost, novice GrGl
D:7 2 transporters
D:11 1 runed translucent door, Thargor's ghost, journeyman FoFi


Innate Abilities, Weirdness & Mutations

Shadows flee at your approach. (+LOS)
You can swim through water.
You cover ground slowly.
You can hop short distances.


Message History

Unknown command.
The death yak gores you!! The death yak gores you.
There is a stone staircase leading up, spattered with blood here.
The death yak gores you!
* * * LOW HITPOINT WARNING * * *
You climb upwards.
There is a stone staircase leading down here.
Unknown command.
Okay, then.
Okay, then.
Okay, then.
Okay, then.
As you read the scroll of teleportation, it crumbles to dust.
You feel strangely unstable. The death yak closely misses you.
You riposte.
You slash the death yak!
Okay, then.
Okay, then.
Unknown command.
You feel quick. The death yak gores you!
You die...

#.. #.. #..
#.. ##. ##.
#..
###########
#..
#...@<....#
#..
#....Y....#
#..
#.........#
#..
#.........#
##.
#.........# ##
######.##.####
# #.......##
## ####..#..#
#. ##.[#[## #.


You could see a death yak.

Vanquished Creatures
  Pikel (D:4)
  A gargoyle (D:11)
  2 trolls (D:10)
  Grinder (D:4)
  2 hippogriffs
  A wyvern (D:10)
  A hungry ghost (D:8)
  A steam dragon (D:9)
  A yak (D:7)
  A sky beast (D:10)
  2 orc warriors
  2 slaves (D:4)
  A phantom (D:6)
  7 ogres
  A centaur (D:8)
  3 bullfrogs
  5 scorpions
  7 wights
  10 killer bees
  4 howler monkeys
  7 crimson imps
  A centaur zombie (D:7)
  A bullfrog zombie (D:10)
  2 jellies
  2 quasits
  A hound (D:7)
  2 orc priests
  6 iguanas
  Ijyb (D:5)
  An orc wizard (D:6)
  3 worker ants
  A hound skeleton (D:7)
  2 worker ant zombies
  A gnoll (D:1)
  8 adders
  2 shadow imps (D:9)
  An ooze (D:3)
  An adder skeleton (D:8)
  A worm (D:2)
  2 dart slugs (D:1)
  2 leopard geckos (D:3)
  21 orcs
  9 bats
  11 giant cockroaches
  8 hobgoblins
  11 jackals
  2 quokkas (D:4)
  3 ball pythons
  A ball python skeleton (D:4)
  4 frilled lizards
  7 goblins
  13 kobolds
  A leopard gecko skeleton (D:4)
  11 rats
204 creatures vanquished.

Vanquished Creatures (collateral kills)
  A two-headed ogre (D:9)
  2 death yaks (D:11)
  A troll (D:10)
  3 yaks (D:7)
  Duvessa (D:5)
  A slave (D:4)
  An ice beast (D:10)
  2 orc warriors
  A black bear (D:6)
  2 necrophages
  2 sky beasts (D:10)
  3 ogres
  2 centaurs
  3 big kobolds
  2 bullfrogs
  Dowan (D:5)
  9 killer bees
  6 wights
  4 crimson imps
  2 orc priests
  An iguana (D:9)
  3 orc wizards
  A worker ant zombie (D:3)
  An adder (D:9)
  3 adder skeletons
  7 orcs
  A kobold (D:7)
66 creatures vanquished.

Vanquished Creatures (others)
  A killer bee (D:8)
1 creature vanquished.

Grand Total: 271 creatures vanquished

Notes
Turn   | Place    | Note
-------+----------+-------------------------------------------
     0 | D:1      | Goreval the Barachi Ice Elementalist began the quest for
                  | the Orb.
     0 | D:1      | Reached XP level 1. HP: 13/13 MP: 3/3
   154 | D:1      | Reached XP level 2. HP: 19/19 MP: 0/5
   711 | D:1      | Reached XP level 3. HP: 22/24 MP: 3/6
   758 | D:1      | Reached skill level 5 in Ice Magic
  1313 | D:2      | Noticed a scorpion
  1409 | D:2      | Killed a scorpion
  1409 | D:2      | Reached XP level 4. HP: 25/30 MP: 1/7
  1415 | D:1      | Learned a level 2 spell: Throw Frost
  1420 | D:1      | Learned a level 4 spell: Summon Ice Beast
  1619 | D:2      | Found a hide-covered altar of Uskayaw.
  1621 | D:2      | Found a bloodstained altar of Trog.
  1621 | D:2      | Found an opulent altar of Gozag.
  1630 | D:2      | Found a glowing golden altar of the Shining One.
  1639 | D:2      | Became a worshipper of the Shining One
  2177 | D:3      | Reached skill level 1 in Summonings
  2177 | D:3      | Reached XP level 5. HP: 32/36 MP: 5/8
  2269 | D:3      | Found a glowing drain.
  2295 | Sewer    | Entered a sewer
  2393 | Sewer    | Noticed a big kobold
  2411 | Sewer    | Reached skill level 1 in Fighting
  2494 | Sewer    | Killed a big kobold
  2576 | Sewer    | Found a white marble altar of Elyvilon.
  3076 | D:3      | Found a shimmering altar of Xom.
  3087 | D:3      | Reached XP level 6. HP: 41/44 MP: 3/9
  3773 | D:3      | Reached * piety under the Shining One
  3855 | D:4      | Learned a level 3 spell: Ozocubu's Armour
  3939 | D:4      | Noticed Pikel
  3939 | D:4      | Noticed a slave
  3939 | D:4      | Noticed a slave
  3939 | D:4      | Noticed a slave
  3939 | D:4      | Noticed a slave
  3950 | D:4      | Killed a slave
  3990 | D:4      | Killed a slave
  4264 | D:4      | Killed a slave
  4437 | D:4      | Was placed under penance by the Shining One
  4439 | D:4      | Killed Pikel
  4439 | D:4      | Reached skill level 5 in Summonings
  4439 | D:4      | Reached XP level 7. HP: 29/52 MP: 2/12
  4654 | D:4      | Reached XP level 8. HP: 60/60 MP: 0/13
  5573 | D:5      | Entered Level 5 of the Dungeon
  5665 | D:5      | Reached skill level 1 in Long Blades
  5923 | D:5      | Noticed Grinder
  6211 | D:5      | Noticed Dowan
  6218 | D:4      | Killed Grinder
  6585 | D:5      | Noticed Duvessa
  6595 | D:5      | Killed Duvessa
  6598 | D:5      | Killed Dowan
  6722 | D:5      | Found a shimmering blue altar of Sif Muna.
  6723 | D:5      | Found a shattered altar of Ashenzari.
  6773 | D:5      | Found a sparkling altar of Nemelex Xobeh.
  6801 | D:5      | Found a runed translucent gate.
  6801 | D:5      | Noticed Ijyb
  6802 | D:5      | Found a runed translucent gate.
  6808 | D:5      | Killed Ijyb
  6808 | D:5      | Reached XP level 9. HP: 65/65 MP: 7/15
  6809 | D:5      | Noticed luthanos's ghost (novice GrGl)
  6811 | D:5      | Found a runed translucent gate.
  6886 | D:5      | Found a radiant altar of Vehumet.
  6887 | D:5      | Found a glowing silver altar of Zin.
  6958 | D:5      | Found Coisutt's Book Boutique.
  7165 | D:6      | Found a staircase to the Ecumenical Temple.
  7169 | D:6      | Was forgiven by the Shining One
  7469 | D:6      | Reached skill level 10 in Ice Magic
  7744 | D:6      | Found an ornate altar of the Wu Jian Council.
  7793 | D:6      | Found a hazy altar of Hepliaklqana.
  8052 | D:7      | Reached skill level 1 in Armour
  8241 | D:7      | Found a transporter.
  8243 | D:7      | Noticed a cyan ugly thing
  8243 | D:7      | Noticed a brown ugly thing
  8245 | D:7      | Found a corrupted altar of Lugonu.
  8246 | D:7      | Found a transporter.
  8278 | D:7      | Reached skill level 5 in Dodging
  8298 | D:7      | Reached skill level 5 in Long Blades
  8672 | D:7      | Learned a level 2 spell: Swiftness
  9637 | D:7      | Reached skill level 1 in Shields
 10163 | D:8      | Reached XP level 10. HP: 71/71 MP: 16/16
 10315 | D:8      | Reached skill level 1 in Charms
 10316 | D:8      | Found a bloodstained altar of Trog.
 10797 | D:8      | Reached ** piety under the Shining One
 11846 | D:9      | Noticed a two-headed ogre
 11855 | D:9      | Killed a two-headed ogre
 11971 | D:9      | Found a white marble altar of Elyvilon.
 13173 | D:9      | Reached *** piety under the Shining One
 13307 | D:10     | Entered Level 10 of the Dungeon
 14096 | D:10     | Reached XP level 11. HP: 67/77 MP: 17/17
 14152 | D:10     | Found a staircase to the Orcish Mines.
 14283 | D:10     | Found Kyiseyna's Book Shop.
 14318 | D:10     | Reached skill level 10 in Long Blades
 14669 | D:10     | Reached skill level 1 in Air Magic
 14751 | D:10     | Reached **** piety under the Shining One
 15077 | D:11     | Found a runed translucent door.
 15077 | D:11     | Noticed a white ugly thing
 15077 | D:11     | Noticed a yaktaur captain
 15077 | D:11     | Noticed a deep troll earth mage
 15077 | D:11     | Noticed a skeletal warrior
 15077 | D:11     | Noticed a lich
 15078 | D:11     | Noticed Thargor's ghost (journeyman FoFi)
 15079 | D:11     | Found a staircase to the Lair.
 15079 | D:11     | Noticed a necromancer
 15080 | D:11     | Noticed a death yak
 15080 | D:11     | Noticed a death yak
 15080 | D:11     | Noticed a death yak
 15080 | D:11     | Noticed a death yak
 15081 | D:11     | Noticed a death yak
 15094 | D:11     | Killed a death yak
 15103 | D:11     | Killed a death yak
 15646 | D:10     | Slain by a death yak

Levels and vault maps discovered:
D:1:      nicolae_arrival_washed_ashore, layout_rooms
D:2:      layout_rooms, grunt_temple_overflow_open, minivault_23, st_stairs_9
D:3:      layout_loops_ring, led_xom_imps, gup_sewer_entry_pipe
D:4:      layout_basic, uniq_pikel
D:5:      layout_cave_pools, nicolae_overflow_hidden_temple, serial_shops,
          kennysheep_mini_moat, first_ration, ebering_ghost_rock_garden,
          nemelex_diamond_rough_becter, uniq_ijyb, uniq_grinder, uniq_duvessa
D:6:      layout_cave_pools, kennysheep_little_box,
          lemuel_coloured_pillars_altar, temple_pool_b
D:7:      gammafunk_corrupted_shrine, layout_basic, chequers_mini_garden
D:8:      layout_loops_cross, basic_altar
D:9:      layout_stronghold, elyvilon_altar_5
D:10:     layout_rooms, orc_0_dummy, serial_shops, shop_statue
D:11:     layout_stronghold, dpeg_lair_monsters, muffindrake_ghost_dual_entry

Skill      XL: |  1  2  3  4  5  6  7  8  9 10 11 |
---------------+----------------------------------+-----
Stealth        | 2 |  2.0
Ice Magic      | 4 6 7 8 9 10 | 10.0
Summonings     | 1 3 5 7 8 9 |  9.1
Fighting       | 2 3 4 |  4.0
Spellcasting   | 3 4 |  4.0
Long Blades    | 3 6 9 10 | 10.6
Dodging        | 4 5 7 |  7.6
Armour         | 2 |  2.0
Shields        | 2 4 |  4.0
Charms         | 1 |  1.0
Air Magic      | 3 |  3.1
Conjurations   | |  1.1

Action                   |  1- 3 |  4- 6 |  7- 9 | 10-12 || total
-------------------------+-------+-------+-------+-------++-------
Melee: Unarmed           |     5 |       |       |       ||     5
       Dagger            |       |    16 |     5 |       ||    21
       Falchion          |       |       |    74 |    89 ||   163
       Scimitar          |       |       |       |   197 ||   197
Throw: Stone             |       |     2 |       |       ||     2
 Cast: Freeze            |    52 |   114 |   133 |     5 ||   304
       Summon Ice Beast  |       |     7 |    34 |    75 ||   116
       Throw Frost       |       |       |     6 |     1 ||     7
       Swiftness         |       |       |     1 |     2 ||     3
       Ozocubu's Armour  |       |       |       |     2 ||     2
 Abil: Hop               |       |     2 |     5 |     4 ||    11
       Evoke Berserk Rag |       |       |     1 |     1 ||     2
Evoke: Wand              |       |     2 |     4 |     1 ||     7
  Use: Scroll            |     1 |     6 |    10 |     6 ||    23
       Potion            |       |       |       |     1 ||     1
  Eat: Ration            |     1 |       |     3 |     4 ||     8
       Chunk             |       |    10 |    18 |    21 ||    49
Armor: Robe              |     9 |    12 |     3 |       ||    24
       Ring mail         |       |       |    53 |    78 ||   131
       Steam dragon scal |       |       |       |    19 ||    19
Dodge: Dodged            |    28 |    58 |   115 |   162 ||   363
Block: Buckler           |       |       |     6 |    71 ||    77
       Rpst.: Falchion   |       |       |    22 |    14 ||    36
       Scimitar          |       |       |       |    26 ||    26
